%YAML 1.1
%TAG !u! tag:unity3d.com,2011:
--- !u!1 &330756198206287157
GameObject:
  m_ObjectHideFlags: 0
  m_CorrespondingSourceObject: {fileID: 0}
  m_PrefabInstance: {fileID: 0}
  m_PrefabAsset: {fileID: 0}
  serializedVersion: 6
  m_Component:
  - component: {fileID: 4151313928153633049}
  - component: {fileID: 6501429611510630462}
  - component: {fileID: 4934434140339229307}
  - component: {fileID: 379000354}
  m_Layer: 6
  m_Name: cm
  m_TagString: Untagged
  m_Icon: {fileID: 0}
  m_NavMeshLayer: 0
  m_StaticEditorFlags: 0
  m_IsActive: 1
--- !u!4 &4151313928153633049
Transform:
  m_ObjectHideFlags: 0
  m_CorrespondingSourceObject: {fileID: 0}
  m_PrefabInstance: {fileID: 0}
  m_PrefabAsset: {fileID: 0}
  m_GameObject: {fileID: 330756198206287157}
  m_LocalRotation: {x: -0, y: -0, z: -0, w: 1}
  m_LocalPosition: {x: 0, y: 0, z: 0}
  m_LocalScale: {x: 1, y: 1, z: 1}
  m_ConstrainProportionsScale: 0
  m_Children: []
  m_Father: {fileID: 4232328609370009299}
  m_RootOrder: 0
  m_LocalEulerAnglesHint: {x: 0, y: 0, z: 0}
--- !u!114 &6501429611510630462
MonoBehaviour:
  m_ObjectHideFlags: 0
  m_CorrespondingSourceObject: {fileID: 0}
  m_PrefabInstance: {fileID: 0}
  m_PrefabAsset: {fileID: 0}
  m_GameObject: {fileID: 330756198206287157}
  m_Enabled: 1
  m_EditorHideFlags: 0
  m_Script: {fileID: 11500000, guid: ac0b09e7857660247b1477e93731de29, type: 3}
  m_Name: 
  m_EditorClassIdentifier: 
--- !u!114 &4934434140339229307
MonoBehaviour:
  m_ObjectHideFlags: 0
  m_CorrespondingSourceObject: {fileID: 0}
  m_PrefabInstance: {fileID: 0}
  m_PrefabAsset: {fileID: 0}
  m_GameObject: {fileID: 330756198206287157}
  m_Enabled: 1
  m_EditorHideFlags: 0
  m_Script: {fileID: 11500000, guid: 9384ab8608cdc3d479fe89cd51eed48f, type: 3}
  m_Name: 
  m_EditorClassIdentifier: 
  m_BindingMode: 5
  m_FollowOffset: {x: 0, y: 2.5, z: -3}
  m_XDamping: 1
  m_YDamping: 1
  m_ZDamping: 1
  m_AngularDampingMode: 0
  m_PitchDamping: 0
  m_YawDamping: 0
  m_RollDamping: 0
  m_AngularDamping: 0
  m_Heading:
    m_Definition: 0
    m_VelocityFilterStrength: 4
    m_Bias: 0
  m_RecenterToTargetHeading:
    m_enabled: 0
    m_WaitTime: 1
    m_RecenteringTime: 2
    m_LegacyHeadingDefinition: -1
    m_LegacyVelocityFilterStrength: -1
  m_XAxis:
    Value: 0
    m_SpeedMode: 0
    m_MaxSpeed: 300
    m_AccelTime: 0.1
    m_DecelTime: 0.1
    m_InputAxisName: 
    m_InputAxisValue: 0
    m_InvertInput: 1
    m_MinValue: -180
    m_MaxValue: 180
    m_Wrap: 1
    m_Recentering:
      m_enabled: 0
      m_WaitTime: 1
      m_RecenteringTime: 2
      m_LegacyHeadingDefinition: -1
      m_LegacyVelocityFilterStrength: -1
  m_LegacyRadius: 3.4028235e+38
  m_LegacyHeightOffset: 3.4028235e+38
  m_LegacyHeadingBias: 3.4028235e+38
  m_HeadingIsSlave: 1
--- !u!114 &379000354
MonoBehaviour:
  m_ObjectHideFlags: 0
  m_CorrespondingSourceObject: {fileID: 0}
  m_PrefabInstance: {fileID: 0}
  m_PrefabAsset: {fileID: 0}
  m_GameObject: {fileID: 330756198206287157}
  m_Enabled: 1
  m_EditorHideFlags: 0
  m_Script: {fileID: 11500000, guid: f4044717213e31446939f7bd49c896ea, type: 3}
  m_Name: 
  m_EditorClassIdentifier: 
  m_TrackedObjectOffset: {x: 0, y: 0, z: 0}
  m_LookaheadTime: 0
  m_LookaheadSmoothing: 0
  m_LookaheadIgnoreY: 0
  m_HorizontalDamping: 0.5
  m_VerticalDamping: 0.5
  m_ScreenX: 0.5
  m_ScreenY: 0.5
  m_DeadZoneWidth: 0
  m_DeadZoneHeight: 0
  m_SoftZoneWidth: 0.8
  m_SoftZoneHeight: 0.8
  m_BiasX: 0
  m_BiasY: 0
  m_CenterOnActivate: 1
--- !u!1 &1044615482591074945
GameObject:
  m_ObjectHideFlags: 3
  m_CorrespondingSourceObject: {fileID: 0}
  m_PrefabInstance: {fileID: 0}
  m_PrefabAsset: {fileID: 0}
  serializedVersion: 6
  m_Component:
  - component: {fileID: 1895089043640402260}
  - component: {fileID: 4081007103338615057}
  m_Layer: 6
  m_Name: BottomRig
  m_TagString: Untagged
  m_Icon: {fileID: 0}
  m_NavMeshLayer: 0
  m_StaticEditorFlags: 0
  m_IsActive: 1
--- !u!4 &1895089043640402260
Transform:
  m_ObjectHideFlags: 3
  m_CorrespondingSourceObject: {fileID: 0}
  m_PrefabInstance: {fileID: 0}
  m_PrefabAsset: {fileID: 0}
  m_GameObject: {fileID: 1044615482591074945}
  m_LocalRotation: {x: -0.21074519, y: -0.0017366924, z: 0.00075426186, w: -0.97753924}
  m_LocalPosition: {x: 0, y: 0, z: 0}
  m_LocalScale: {x: 1, y: 1, z: 1}
  m_ConstrainProportionsScale: 0
  m_Children:
  - {fileID: 7137584241209872100}
  m_Father: {fileID: 5280069370744020210}
  m_RootOrder: 3
  m_LocalEulerAnglesHint: {x: 0, y: 0, z: 0}
--- !u!114 &4081007103338615057
MonoBehaviour:
  m_ObjectHideFlags: 3
  m_CorrespondingSourceObject: {fileID: 0}
  m_PrefabInstance: {fileID: 0}
  m_PrefabAsset: {fileID: 0}
  m_GameObject: {fileID: 1044615482591074945}
  m_Enabled: 1
  m_EditorHideFlags: 0
  m_Script: {fileID: 11500000, guid: 45e653bab7fb20e499bda25e1b646fea, type: 3}
  m_Name: 
  m_EditorClassIdentifier: 
  m_ExcludedPropertiesInInspector:
  - m_Script
  - Header
  - Extensions
  - m_Priority
  - m_Transitions
  - m_Follow
  - m_StandbyUpdate
  - m_Lens
  m_LockStageInInspector: 00000000
  m_StreamingVersion: 20170927
  m_Priority: 10
  m_StandbyUpdate: 2
  m_LookAt: {fileID: 0}
  m_Follow: {fileID: 0}
  m_Lens:
    FieldOfView: 40
    OrthographicSize: 10
    NearClipPlane: 0.1
    FarClipPlane: 5000
    Dutch: 0
    ModeOverride: 0
    LensShift: {x: 0, y: 0}
    GateFit: 2
    m_SensorSize: {x: 1, y: 1}
  m_Transitions:
    m_BlendHint: 0
    m_InheritPosition: 0
    m_OnCameraLive:
      m_PersistentCalls:
        m_Calls: []
  m_LegacyBlendHint: 0
  m_ComponentOwner: {fileID: 7137584241209872100}
--- !u!1 &5280069370744020211
GameObject:
  m_ObjectHideFlags: 0
  m_CorrespondingSourceObject: {fileID: 0}
  m_PrefabInstance: {fileID: 0}
  m_PrefabAsset: {fileID: 0}
  serializedVersion: 6
  m_Component:
  - component: {fileID: 5280069370744020210}
  - component: {fileID: 5280069370744020208}
  - component: {fileID: 4835319708782483300}
  m_Layer: 6
  m_Name: CM vcam1
  m_TagString: MainCamera
  m_Icon: {fileID: 0}
  m_NavMeshLayer: 0
  m_StaticEditorFlags: 0
  m_IsActive: 1
--- !u!4 &5280069370744020210
Transform:
  m_ObjectHideFlags: 0
  m_CorrespondingSourceObject: {fileID: 0}
  m_PrefabInstance: {fileID: 0}
  m_PrefabAsset: {fileID: 0}
  m_GameObject: {fileID: 5280069370744020211}
  m_LocalRotation: {x: -0.09853767, y: -0, z: -0, w: -0.99513334}
  m_LocalPosition: {x: 0.0031732917, y: 3.539999, z: -2.9950137}
  m_LocalScale: {x: 1, y: 1, z: 1}
  m_ConstrainProportionsScale: 0
  m_Children:
  - {fileID: 5280069371449653231}
  - {fileID: 2013761956269028630}
  - {fileID: 4232328609370009299}
  - {fileID: 1895089043640402260}
  m_Father: {fileID: 5677959835175876927}
  m_RootOrder: 6
  m_LocalEulerAnglesHint: {x: 9.419, y: 0, z: 0}
--- !u!114 &5280069370744020208
MonoBehaviour:
  m_ObjectHideFlags: 0
  m_CorrespondingSourceObject: {fileID: 0}
  m_PrefabInstance: {fileID: 0}
  m_PrefabAsset: {fileID: 0}
  m_GameObject: {fileID: 5280069370744020211}
  m_Enabled: 1
  m_EditorHideFlags: 0
  m_Script: {fileID: 11500000, guid: e501d18bb52cf8c40b1853ca4904654f, type: 3}
  m_Name: 
  m_EditorClassIdentifier: 
  m_CollideAgainst:
    serializedVersion: 2
    m_Bits: 2147483647
  m_IgnoreTag: 
  m_TransparentLayers:
    serializedVersion: 2
    m_Bits: 0
  m_MinimumDistanceFromTarget: 0.1
  m_AvoidObstacles: 1
  m_DistanceLimit: 0
  m_MinimumOcclusionTime: 0
  m_CameraRadius: 0.1
  m_Strategy: 0
  m_MaximumEffort: 4
  m_SmoothingTime: 0
  m_Damping: 2
  m_DampingWhenOccluded: 2
  m_OptimalTargetDistance: 0
--- !u!114 &4835319708782483300
MonoBehaviour:
  m_ObjectHideFlags: 0
  m_CorrespondingSourceObject: {fileID: 0}
  m_PrefabInstance: {fileID: 0}
  m_PrefabAsset: {fileID: 0}
  m_GameObject: {fileID: 5280069370744020211}
  m_Enabled: 1
  m_EditorHideFlags: 0
  m_Script: {fileID: 11500000, guid: 319d2fe34a804e245819465c9505ea59, type: 3}
  m_Name: 
  m_EditorClassIdentifier: 
  m_ExcludedPropertiesInInspector:
  - m_Script
  m_LockStageInInspector: 
  m_StreamingVersion: 20170927
  m_Priority: 10
  m_StandbyUpdate: 2
  m_LookAt: {fileID: 5280069371556286286}
  m_Follow: {fileID: 5280069371556286286}
  m_CommonLens: 1
  m_Lens:
    FieldOfView: 40
    OrthographicSize: 10
    NearClipPlane: 0.1
    FarClipPlane: 5000
    Dutch: 0
    ModeOverride: 0
    LensShift: {x: 0, y: 0}
    GateFit: 2
    m_SensorSize: {x: 1, y: 1}
  m_Transitions:
    m_BlendHint: 0
    m_InheritPosition: 0
    m_OnCameraLive:
      m_PersistentCalls:
        m_Calls: []
  m_LegacyBlendHint: 0
  m_YAxis:
    Value: 0.5
    m_SpeedMode: 0
    m_MaxSpeed: 2
    m_AccelTime: 0.2
    m_DecelTime: 0.1
    m_InputAxisName: Mouse Y
    m_InputAxisValue: 0
    m_InvertInput: 1
    m_MinValue: 0
    m_MaxValue: 1
    m_Wrap: 0
    m_Recentering:
      m_enabled: 0
      m_WaitTime: 1
      m_RecenteringTime: 2
      m_LegacyHeadingDefinition: -1
      m_LegacyVelocityFilterStrength: -1
  m_YAxisRecentering:
    m_enabled: 0
    m_WaitTime: 1
    m_RecenteringTime: 2
    m_LegacyHeadingDefinition: -1
    m_LegacyVelocityFilterStrength: -1
  m_XAxis:
    Value: 0
    m_SpeedMode: 0
    m_MaxSpeed: 300
    m_AccelTime: 0.1
    m_DecelTime: 0.1
    m_InputAxisName: Mouse X
    m_InputAxisValue: 0
    m_InvertInput: 0
    m_MinValue: -180
    m_MaxValue: 180
    m_Wrap: 1
    m_Recentering:
      m_enabled: 0
      m_WaitTime: 1
      m_RecenteringTime: 2
      m_LegacyHeadingDefinition: -1
      m_LegacyVelocityFilterStrength: -1
  m_Heading:
    m_Definition: 0
    m_VelocityFilterStrength: 4
    m_Bias: 0
  m_RecenterToTargetHeading:
    m_enabled: 1
    m_WaitTime: 1
    m_RecenteringTime: 2
    m_LegacyHeadingDefinition: -1
    m_LegacyVelocityFilterStrength: -1
  m_BindingMode: 5
  m_SplineCurvature: 0.2
  m_Orbits:
  - m_Height: 4.5
    m_Radius: 3
  - m_Height: 2.5
    m_Radius: 3
  - m_Height: 0.4
    m_Radius: 3
  m_LegacyHeadingBias: 3.4028235e+38
  m_Rigs:
  - {fileID: 6550648535572279075}
  - {fileID: 1235582446736535854}
  - {fileID: 4081007103338615057}
--- !u!1 &5280069371449653216
GameObject:
  m_ObjectHideFlags: 0
  m_CorrespondingSourceObject: {fileID: 0}
  m_PrefabInstance: {fileID: 0}
  m_PrefabAsset: {fileID: 0}
  serializedVersion: 6
  m_Component:
  - component: {fileID: 5280069371449653231}
  - component: {fileID: 5280069371449653228}
  - component: {fileID: 5280069371449653227}
  - component: {fileID: 5280069371449653226}
  m_Layer: 6
  m_Name: cm
  m_TagString: Untagged
  m_Icon: {fileID: 0}
  m_NavMeshLayer: 0
  m_StaticEditorFlags: 0
  m_IsActive: 1
--- !u!4 &5280069371449653231
Transform:
  m_ObjectHideFlags: 0
  m_CorrespondingSourceObject: {fileID: 0}
  m_PrefabInstance: {fileID: 0}
  m_PrefabAsset: {fileID: 0}
  m_GameObject: {fileID: 5280069371449653216}
  m_LocalRotation: {x: -0.16114512, y: 0.1515264, z: -0.02503327, w: 0.97490793}
  m_LocalPosition: {x: -20.836899, y: -93.050766, z: -277.97894}
  m_LocalScale: {x: 1, y: 1, z: 1}
  m_ConstrainProportionsScale: 0
  m_Children: []
  m_Father: {fileID: 5280069370744020210}
  m_RootOrder: 0
  m_LocalEulerAnglesHint: {x: 0, y: 0, z: 0}
--- !u!114 &5280069371449653228
MonoBehaviour:
  m_ObjectHideFlags: 0
  m_CorrespondingSourceObject: {fileID: 0}
  m_PrefabInstance: {fileID: 0}
  m_PrefabAsset: {fileID: 0}
  m_GameObject: {fileID: 5280069371449653216}
  m_Enabled: 1
  m_EditorHideFlags: 0
  m_Script: {fileID: 11500000, guid: ac0b09e7857660247b1477e93731de29, type: 3}
  m_Name: 
  m_EditorClassIdentifier: 
--- !u!114 &5280069371449653227
MonoBehaviour:
  m_ObjectHideFlags: 0
  m_CorrespondingSourceObject: {fileID: 0}
  m_PrefabInstance: {fileID: 0}
  m_PrefabAsset: {fileID: 0}
  m_GameObject: {fileID: 5280069371449653216}
  m_Enabled: 1
  m_EditorHideFlags: 0
  m_Script: {fileID: 11500000, guid: bd6043bde05a7fc4cba197d06915c1e3, type: 3}
  m_Name: 
  m_EditorClassIdentifier: 
  Damping: {x: 0.1, y: 0.5, z: 0.3}
  ShoulderOffset: {x: 0.5, y: -0.4, z: 0}
  VerticalArmLength: 1
  CameraSide: 0.5
  CameraDistance: 3
  CameraCollisionFilter:
    serializedVersion: 2
    m_Bits: 0
  IgnoreTag: Untagged
  CameraRadius: 0.2
  DampingIntoCollision: 0
  DampingFromCollision: 2
--- !u!114 &5280069371449653226
MonoBehaviour:
  m_ObjectHideFlags: 0
  m_CorrespondingSourceObject: {fileID: 0}
  m_PrefabInstance: {fileID: 0}
  m_PrefabAsset: {fileID: 0}
  m_GameObject: {fileID: 5280069371449653216}
  m_Enabled: 1
  m_EditorHideFlags: 0
  m_Script: {fileID: 11500000, guid: f4044717213e31446939f7bd49c896ea, type: 3}
  m_Name: 
  m_EditorClassIdentifier: 
  m_TrackedObjectOffset: {x: 0, y: 0, z: 0}
  m_LookaheadTime: 0
  m_LookaheadSmoothing: 0
  m_LookaheadIgnoreY: 0
  m_HorizontalDamping: 0.5
  m_VerticalDamping: 0.5
  m_ScreenX: 0.5
  m_ScreenY: 0.5
  m_DeadZoneWidth: 0
  m_DeadZoneHeight: 0
  m_SoftZoneWidth: 0.8
  m_SoftZoneHeight: 0.8
  m_BiasX: 0
  m_BiasY: 0
  m_CenterOnActivate: 1
--- !u!1 &5280069371520333549
GameObject:
  m_ObjectHideFlags: 0
  m_CorrespondingSourceObject: {fileID: 0}
  m_PrefabInstance: {fileID: 0}
  m_PrefabAsset: {fileID: 0}
  serializedVersion: 6
  m_Component:
  - component: {fileID: 5280069371520333548}
  m_Layer: 6
  m_Name: BottomPlayer
  m_TagString: Untagged
  m_Icon: {fileID: 0}
  m_NavMeshLayer: 0
  m_StaticEditorFlags: 0
  m_IsActive: 1
--- !u!4 &5280069371520333548
Transform:
  m_ObjectHideFlags: 0
  m_CorrespondingSourceObject: {fileID: 0}
  m_PrefabInstance: {fileID: 0}
  m_PrefabAsset: {fileID: 0}
  m_GameObject: {fileID: 5280069371520333549}
  m_LocalRotation: {x: -0, y: -0, z: -0, w: 1}
  m_LocalPosition: {x: -0.017997742, y: -1.0049992, z: -0.024993896}
  m_LocalScale: {x: 1, y: 1, z: 1}
  m_ConstrainProportionsScale: 0
  m_Children: []
  m_Father: {fileID: 5280069371556286286}
  m_RootOrder: 1
  m_LocalEulerAnglesHint: {x: 0, y: 0, z: 0}
--- !u!1 &5280069371556286272
GameObject:
  m_ObjectHideFlags: 0
  m_CorrespondingSourceObject: {fileID: 0}
  m_PrefabInstance: {fileID: 0}
  m_PrefabAsset: {fileID: 0}
  serializedVersion: 6
  m_Component:
  - component: {fileID: 5280069371556286286}
  - component: {fileID: 5280069371556286287}
  - component: {fileID: 5280069371556286285}
  - component: {fileID: 5280069371556286284}
  - component: {fileID: 6938588722157438575}
  - component: {fileID: 1171188527}
  - component: {fileID: 1171188522}
  - component: {fileID: 1171188533}
  m_Layer: 6
  m_Name: ChambPlayer 1
  m_TagString: Player
  m_Icon: {fileID: 0}
  m_NavMeshLayer: 0
  m_StaticEditorFlags: 0
  m_IsActive: 1
--- !u!4 &5280069371556286286
Transform:
  m_ObjectHideFlags: 0
  m_CorrespondingSourceObject: {fileID: 0}
  m_PrefabInstance: {fileID: 0}
  m_PrefabAsset: {fileID: 0}
  m_GameObject: {fileID: 5280069371556286272}
  m_LocalRotation: {x: 0, y: -1, z: 0, w: 0}
  m_LocalPosition: {x: 1040.9, y: 25.2, z: 221.1}
  m_LocalScale: {x: 1, y: 1, z: 1}
  m_ConstrainProportionsScale: 0
  m_Children:
  - {fileID: 5677959835175876927}
  - {fileID: 5280069371520333548}
  m_Father: {fileID: 0}
  m_RootOrder: 0
  m_LocalEulerAnglesHint: {x: 0, y: -180, z: 0}
--- !u!95 &5280069371556286287
Animator:
  serializedVersion: 5
  m_ObjectHideFlags: 0
  m_CorrespondingSourceObject: {fileID: 0}
  m_PrefabInstance: {fileID: 0}
  m_PrefabAsset: {fileID: 0}
  m_GameObject: {fileID: 5280069371556286272}
  m_Enabled: 1
  m_Avatar: {fileID: 9000000, guid: a5f6d49c488c6664ead7c8a4b2a9abc7, type: 3}
  m_Controller: {fileID: 9100000, guid: 2924cb0ed34b6d1469324d4fad00716a, type: 2}
  m_CullingMode: 0
  m_UpdateMode: 0
  m_ApplyRootMotion: 0
  m_LinearVelocityBlending: 0
  m_StabilizeFeet: 0
  m_WarningMessage: 
  m_HasTransformHierarchy: 1
  m_AllowConstantClipSamplingOptimization: 1
  m_KeepAnimatorStateOnDisable: 0
--- !u!114 &5280069371556286285
MonoBehaviour:
  m_ObjectHideFlags: 0
  m_CorrespondingSourceObject: {fileID: 0}
  m_PrefabInstance: {fileID: 0}
  m_PrefabAsset: {fileID: 0}
  m_GameObject: {fileID: 5280069371556286272}
  m_Enabled: 1
  m_EditorHideFlags: 0
  m_Script: {fileID: 11500000, guid: f7fb9744f67d4474594b19b7064dc8c5, type: 3}
  m_Name: 
  m_EditorClassIdentifier: 
  camara: {fileID: 0}
  velocidad: 5
  alturaDeSalto: 3
  tiempoAlGirar: 0.5
  detectaPiso: {fileID: 5280069371520333548}
  distanciaPiso: 0.2
  mascaraPiso:
    serializedVersion: 2
    m_Bits: 8
  anim: {fileID: 5280069371556286287}
--- !u!143 &5280069371556286284
CharacterController:
  m_ObjectHideFlags: 0
  m_CorrespondingSourceObject: {fileID: 0}
  m_PrefabInstance: {fileID: 0}
  m_PrefabAsset: {fileID: 0}
  m_GameObject: {fileID: 5280069371556286272}
  m_Material: {fileID: 0}
  m_IsTrigger: 0
  m_Enabled: 1
  serializedVersion: 2
  m_Height: 2
  m_Radius: 0.5
  m_SlopeLimit: 45
  m_StepOffset: 0.3
  m_SkinWidth: 0.08
  m_MinMoveDistance: 0.001
  m_Center: {x: 0, y: 0, z: 0}
--- !u!114 &6938588722157438575
MonoBehaviour:
  m_ObjectHideFlags: 0
  m_CorrespondingSourceObject: {fileID: 0}
  m_PrefabInstance: {fileID: 0}
  m_PrefabAsset: {fileID: 0}
  m_GameObject: {fileID: 5280069371556286272}
  m_Enabled: 1
  m_EditorHideFlags: 0
  m_Script: {fileID: 11500000, guid: 1ba98d891b606544d8dfee7153e3ece7, type: 3}
  m_Name: 
  m_EditorClassIdentifier: 
  inventory: []
  slots:
  - {fileID: 0}
  - {fileID: 0}
  - {fileID: 0}
  - {fileID: 0}
  Player: {fileID: 5280069371556286272}
--- !u!136 &1171188527
CapsuleCollider:
  m_ObjectHideFlags: 0
  m_CorrespondingSourceObject: {fileID: 0}
  m_PrefabInstance: {fileID: 0}
  m_PrefabAsset: {fileID: 0}
  m_GameObject: {fileID: 5280069371556286272}
  m_Material: {fileID: 0}
  m_IsTrigger: 1
  m_Enabled: 0
  m_Radius: 0.5090103
  m_Height: 2.17667
  m_Direction: 1
  m_Center: {x: -0.018787384, y: -0.04527855, z: 0.045646667}
--- !u!114 &1171188522
MonoBehaviour:
  m_ObjectHideFlags: 0
  m_CorrespondingSourceObject: {fileID: 0}
  m_PrefabInstance: {fileID: 0}
  m_PrefabAsset: {fileID: 0}
  m_GameObject: {fileID: 5280069371556286272}
  m_Enabled: 1
  m_EditorHideFlags: 0
  m_Script: {fileID: 11500000, guid: e832cf047921a6a44b404224d78c3c2a, type: 3}
  m_Name: 
  m_EditorClassIdentifier: 
  coins: 0
  playerWeapon: {fileID: 5765642621637381719}
--- !u!114 &1171188533
MonoBehaviour:
  m_ObjectHideFlags: 0
  m_CorrespondingSourceObject: {fileID: 0}
  m_PrefabInstance: {fileID: 0}
  m_PrefabAsset: {fileID: 0}
  m_GameObject: {fileID: 5280069371556286272}
  m_Enabled: 1
  m_EditorHideFlags: 0
  m_Script: {fileID: 11500000, guid: 049c978f3f380024ab9f134e59853b2c, type: 3}
  m_Name: 
  m_EditorClassIdentifier: 
  weapon: {fileID: 5765642621637381719}
  knife: {fileID: 749548071812594659}
  playerAnim: {fileID: 5280069371556286287}
--- !u!1 &5418849750229123306
GameObject:
  m_ObjectHideFlags: 3
  m_CorrespondingSourceObject: {fileID: 0}
  m_PrefabInstance: {fileID: 0}
  m_PrefabAsset: {fileID: 0}
  serializedVersion: 6
  m_Component:
  - component: {fileID: 4232328609370009299}
  - component: {fileID: 1235582446736535854}
  m_Layer: 6
  m_Name: MiddleRig
  m_TagString: Untagged
  m_Icon: {fileID: 0}
  m_NavMeshLayer: 0
  m_StaticEditorFlags: 0
  m_IsActive: 1
--- !u!4 &4232328609370009299
Transform:
  m_ObjectHideFlags: 3
  m_CorrespondingSourceObject: {fileID: 0}
  m_PrefabInstance: {fileID: 0}
  m_PrefabAsset: {fileID: 0}
  m_GameObject: {fileID: 5418849750229123306}
  m_LocalRotation: {x: -0.24611515, y: -0.0017081263, z: 0.00081682485, w: -0.9692388}
  m_LocalPosition: {x: 0, y: 0, z: 0}
  m_LocalScale: {x: 1, y: 1, z: 1}
  m_ConstrainProportionsScale: 0
  m_Children:
  - {fileID: 4151313928153633049}
  m_Father: {fileID: 5280069370744020210}
  m_RootOrder: 2
  m_LocalEulerAnglesHint: {x: 0, y: 0, z: 0}
--- !u!114 &1235582446736535854
MonoBehaviour:
  m_ObjectHideFlags: 3
  m_CorrespondingSourceObject: {fileID: 0}
  m_PrefabInstance: {fileID: 0}
  m_PrefabAsset: {fileID: 0}
  m_GameObject: {fileID: 5418849750229123306}
  m_Enabled: 1
  m_EditorHideFlags: 0
  m_Script: {fileID: 11500000, guid: 45e653bab7fb20e499bda25e1b646fea, type: 3}
  m_Name: 
  m_EditorClassIdentifier: 
  m_ExcludedPropertiesInInspector:
  - m_Script
  - Header
  - Extensions
  - m_Priority
  - m_Transitions
  - m_Follow
  - m_StandbyUpdate
  - m_Lens
  m_LockStageInInspector: 00000000
  m_StreamingVersion: 20170927
  m_Priority: 10
  m_StandbyUpdate: 2
  m_LookAt: {fileID: 0}
  m_Follow: {fileID: 0}
  m_Lens:
    FieldOfView: 40
    OrthographicSize: 10
    NearClipPlane: 0.1
    FarClipPlane: 5000
    Dutch: 0
    ModeOverride: 0
    LensShift: {x: 0, y: 0}
    GateFit: 2
    m_SensorSize: {x: 1, y: 1}
  m_Transitions:
    m_BlendHint: 0
    m_InheritPosition: 0
    m_OnCameraLive:
      m_PersistentCalls:
        m_Calls: []
  m_LegacyBlendHint: 0
  m_ComponentOwner: {fileID: 4151313928153633049}
--- !u!1 &5765642621637381719
GameObject:
  m_ObjectHideFlags: 0
  m_CorrespondingSourceObject: {fileID: 0}
  m_PrefabInstance: {fileID: 0}
  m_PrefabAsset: {fileID: 0}
  serializedVersion: 6
  m_Component:
  - component: {fileID: 3556925100154792497}
  - component: {fileID: 245733300}
  m_Layer: 6
  m_Name: Weapon
  m_TagString: Untagged
  m_Icon: {fileID: 0}
  m_NavMeshLayer: 0
  m_StaticEditorFlags: 0
  m_IsActive: 0
--- !u!4 &3556925100154792497
Transform:
  m_ObjectHideFlags: 0
  m_CorrespondingSourceObject: {fileID: 0}
  m_PrefabInstance: {fileID: 0}
  m_PrefabAsset: {fileID: 0}
  m_GameObject: {fileID: 5765642621637381719}
  m_LocalRotation: {x: 0, y: 0, z: 0, w: 1}
  m_LocalPosition: {x: 0, y: 0, z: 0}
  m_LocalScale: {x: 1, y: 1, z: 1}
  m_ConstrainProportionsScale: 0
  m_Children:
  - {fileID: 8002477390760196853}
  - {fileID: 3252328924545809784}
  - {fileID: 3401997416530923097}
  m_Father: {fileID: 5833076122799137052}
  m_RootOrder: 7
  m_LocalEulerAnglesHint: {x: 0, y: 0, z: 0}
--- !u!114 &245733300
MonoBehaviour:
  m_ObjectHideFlags: 0
  m_CorrespondingSourceObject: {fileID: 0}
  m_PrefabInstance: {fileID: 0}
  m_PrefabAsset: {fileID: 0}
  m_GameObject: {fileID: 5765642621637381719}
  m_Enabled: 1
  m_EditorHideFlags: 0
  m_Script: {fileID: 11500000, guid: 8661a91b3037ad5418b413436a048ee4, type: 3}
  m_Name: 
  m_EditorClassIdentifier: 
  bulletPrefab: {fileID: 9173722915176794213, guid: 51b6cbd8c11a2014c9d80ff519c4f397, type: 3}
  firePoint: {fileID: 8002477390760196853}
  PlayerAnim: {fileID: 5280069371556286287}
  bulletSpeed: 1
  cadencia: 0.1
--- !u!1 &6746574354614290061
GameObject:
  m_ObjectHideFlags: 0
  m_CorrespondingSourceObject: {fileID: 0}
  m_PrefabInstance: {fileID: 0}
  m_PrefabAsset: {fileID: 0}
  serializedVersion: 6
  m_Component:
  - component: {fileID: 8002477390760196853}
  m_Layer: 6
  m_Name: FirePoint
  m_TagString: Untagged
  m_Icon: {fileID: 0}
  m_NavMeshLayer: 0
  m_StaticEditorFlags: 0
  m_IsActive: 1
--- !u!4 &8002477390760196853
Transform:
  m_ObjectHideFlags: 0
  m_CorrespondingSourceObject: {fileID: 0}
  m_PrefabInstance: {fileID: 0}
  m_PrefabAsset: {fileID: 0}
  m_GameObject: {fileID: 6746574354614290061}
  m_LocalRotation: {x: 0, y: 0, z: 0, w: 1}
  m_LocalPosition: {x: -0.155, y: 1.209, z: 0.061}
  m_LocalScale: {x: 1, y: 1, z: 1}
  m_ConstrainProportionsScale: 0
  m_Children: []
  m_Father: {fileID: 3556925100154792497}
  m_RootOrder: 0
  m_LocalEulerAnglesHint: {x: 0, y: 0, z: 0}
--- !u!1 &6899760190911956123
GameObject:
  m_ObjectHideFlags: 0
  m_CorrespondingSourceObject: {fileID: 0}
  m_PrefabInstance: {fileID: 0}
  m_PrefabAsset: {fileID: 0}
  serializedVersion: 6
  m_Component:
  - component: {fileID: 7137584241209872100}
  - component: {fileID: 6511883634784782566}
  - component: {fileID: 1972080245749799849}
  - component: {fileID: 6400825667033100035}
  m_Layer: 6
  m_Name: cm
  m_TagString: Untagged
  m_Icon: {fileID: 0}
  m_NavMeshLayer: 0
  m_StaticEditorFlags: 0
  m_IsActive: 1
--- !u!4 &7137584241209872100
Transform:
  m_ObjectHideFlags: 0
  m_CorrespondingSourceObject: {fileID: 0}
  m_PrefabInstance: {fileID: 0}
  m_PrefabAsset: {fileID: 0}
  m_GameObject: {fileID: 6899760190911956123}
  m_LocalRotation: {x: -0, y: -0, z: -0, w: 1}
  m_LocalPosition: {x: 0, y: 0, z: 0}
  m_LocalScale: {x: 1, y: 1, z: 1}
  m_ConstrainProportionsScale: 0
  m_Children: []
  m_Father: {fileID: 1895089043640402260}
  m_RootOrder: 0
  m_LocalEulerAnglesHint: {x: 0, y: 0, z: 0}
--- !u!114 &6511883634784782566
MonoBehaviour:
  m_ObjectHideFlags: 0
  m_CorrespondingSourceObject: {fileID: 0}
  m_PrefabInstance: {fileID: 0}
  m_PrefabAsset: {fileID: 0}
  m_GameObject: {fileID: 6899760190911956123}
  m_Enabled: 1
  m_EditorHideFlags: 0
  m_Script: {fileID: 11500000, guid: ac0b09e7857660247b1477e93731de29, type: 3}
  m_Name: 
  m_EditorClassIdentifier: 
--- !u!114 &1972080245749799849
MonoBehaviour:
  m_ObjectHideFlags: 0
  m_CorrespondingSourceObject: {fileID: 0}
  m_PrefabInstance: {fileID: 0}
  m_PrefabAsset: {fileID: 0}
  m_GameObject: {fileID: 6899760190911956123}
  m_Enabled: 1
  m_EditorHideFlags: 0
  m_Script: {fileID: 11500000, guid: 9384ab8608cdc3d479fe89cd51eed48f, type: 3}
  m_Name: 
  m_EditorClassIdentifier: 
  m_BindingMode: 5
  m_FollowOffset: {x: 0, y: 2.5, z: -3}
  m_XDamping: 1
  m_YDamping: 1
  m_ZDamping: 1
  m_AngularDampingMode: 0
  m_PitchDamping: 0
  m_YawDamping: 0
  m_RollDamping: 0
  m_AngularDamping: 0
  m_Heading:
    m_Definition: 0
    m_VelocityFilterStrength: 4
    m_Bias: 0
  m_RecenterToTargetHeading:
    m_enabled: 0
    m_WaitTime: 1
    m_RecenteringTime: 2
    m_LegacyHeadingDefinition: -1
    m_LegacyVelocityFilterStrength: -1
  m_XAxis:
    Value: 0
    m_SpeedMode: 0
    m_MaxSpeed: 300
    m_AccelTime: 0.1
    m_DecelTime: 0.1
    m_InputAxisName: 
    m_InputAxisValue: 0
    m_InvertInput: 1
    m_MinValue: -180
    m_MaxValue: 180
    m_Wrap: 1
    m_Recentering:
      m_enabled: 0
      m_WaitTime: 1
      m_RecenteringTime: 2
      m_LegacyHeadingDefinition: -1
      m_LegacyVelocityFilterStrength: -1
  m_LegacyRadius: 3.4028235e+38
  m_LegacyHeightOffset: 3.4028235e+38
  m_LegacyHeadingBias: 3.4028235e+38
  m_HeadingIsSlave: 1
--- !u!114 &6400825667033100035
MonoBehaviour:
  m_ObjectHideFlags: 0
  m_CorrespondingSourceObject: {fileID: 0}
  m_PrefabInstance: {fileID: 0}
  m_PrefabAsset: {fileID: 0}
  m_GameObject: {fileID: 6899760190911956123}
  m_Enabled: 1
  m_EditorHideFlags: 0
  m_Script: {fileID: 11500000, guid: f4044717213e31446939f7bd49c896ea, type: 3}
  m_Name: 
  m_EditorClassIdentifier: 
  m_TrackedObjectOffset: {x: 0, y: 0, z: 0}
  m_LookaheadTime: 0
  m_LookaheadSmoothing: 0
  m_LookaheadIgnoreY: 0
  m_HorizontalDamping: 0
  m_VerticalDamping: 0
  m_ScreenX: 0.5
  m_ScreenY: 0.6
  m_DeadZoneWidth: 0
  m_DeadZoneHeight: 0
  m_SoftZoneWidth: 0.8
  m_SoftZoneHeight: 0.8
  m_BiasX: 0
  m_BiasY: 0
  m_CenterOnActivate: 1
--- !u!1 &7692850068451525355
GameObject:
  m_ObjectHideFlags: 0
  m_CorrespondingSourceObject: {fileID: 0}
  m_PrefabInstance: {fileID: 0}
  m_PrefabAsset: {fileID: 0}
  serializedVersion: 6
  m_Component:
  - component: {fileID: 7364318058906776915}
  - component: {fileID: 4857603927795178581}
  - component: {fileID: 7137069291047034091}
  - component: {fileID: 6393671941570525495}
  m_Layer: 6
  m_Name: cm
  m_TagString: Untagged
  m_Icon: {fileID: 0}
  m_NavMeshLayer: 0
  m_StaticEditorFlags: 0
  m_IsActive: 1
--- !u!4 &7364318058906776915
Transform:
  m_ObjectHideFlags: 0
  m_CorrespondingSourceObject: {fileID: 0}
  m_PrefabInstance: {fileID: 0}
  m_PrefabAsset: {fileID: 0}
  m_GameObject: {fileID: 7692850068451525355}
  m_LocalRotation: {x: -0, y: -0, z: -0, w: 1}
  m_LocalPosition: {x: 0, y: 0, z: 0}
  m_LocalScale: {x: 1, y: 1, z: 1}
  m_ConstrainProportionsScale: 0
  m_Children: []
  m_Father: {fileID: 2013761956269028630}
  m_RootOrder: 0
  m_LocalEulerAnglesHint: {x: 0, y: 0, z: 0}
--- !u!114 &4857603927795178581
MonoBehaviour:
  m_ObjectHideFlags: 0
  m_CorrespondingSourceObject: {fileID: 0}
  m_PrefabInstance: {fileID: 0}
  m_PrefabAsset: {fileID: 0}
  m_GameObject: {fileID: 7692850068451525355}
  m_Enabled: 1
  m_EditorHideFlags: 0
  m_Script: {fileID: 11500000, guid: ac0b09e7857660247b1477e93731de29, type: 3}
  m_Name: 
  m_EditorClassIdentifier: 
--- !u!114 &7137069291047034091
MonoBehaviour:
  m_ObjectHideFlags: 0
  m_CorrespondingSourceObject: {fileID: 0}
  m_PrefabInstance: {fileID: 0}
  m_PrefabAsset: {fileID: 0}
  m_GameObject: {fileID: 7692850068451525355}
  m_Enabled: 1
  m_EditorHideFlags: 0
  m_Script: {fileID: 11500000, guid: 9384ab8608cdc3d479fe89cd51eed48f, type: 3}
  m_Name: 
  m_EditorClassIdentifier: 
  m_BindingMode: 5
  m_FollowOffset: {x: 0, y: 2.5, z: -3}
  m_XDamping: 1
  m_YDamping: 1
  m_ZDamping: 1
  m_AngularDampingMode: 0
  m_PitchDamping: 0
  m_YawDamping: 0
  m_RollDamping: 0
  m_AngularDamping: 0
  m_Heading:
    m_Definition: 0
    m_VelocityFilterStrength: 4
    m_Bias: 0
  m_RecenterToTargetHeading:
    m_enabled: 0
    m_WaitTime: 1
    m_RecenteringTime: 2
    m_LegacyHeadingDefinition: -1
    m_LegacyVelocityFilterStrength: -1
  m_XAxis:
    Value: 0
    m_SpeedMode: 0
    m_MaxSpeed: 300
    m_AccelTime: 0.1
    m_DecelTime: 0.1
    m_InputAxisName: 
    m_InputAxisValue: 0
    m_InvertInput: 1
    m_MinValue: -180
    m_MaxValue: 180
    m_Wrap: 1
    m_Recentering:
      m_enabled: 0
      m_WaitTime: 1
      m_RecenteringTime: 2
      m_LegacyHeadingDefinition: -1
      m_LegacyVelocityFilterStrength: -1
  m_LegacyRadius: 3.4028235e+38
  m_LegacyHeightOffset: 3.4028235e+38
  m_LegacyHeadingBias: 3.4028235e+38
  m_HeadingIsSlave: 1
--- !u!114 &6393671941570525495
MonoBehaviour:
  m_ObjectHideFlags: 0
  m_CorrespondingSourceObject: {fileID: 0}
  m_PrefabInstance: {fileID: 0}
  m_PrefabAsset: {fileID: 0}
  m_GameObject: {fileID: 7692850068451525355}
  m_Enabled: 1
  m_EditorHideFlags: 0
  m_Script: {fileID: 11500000, guid: f4044717213e31446939f7bd49c896ea, type: 3}
  m_Name: 
  m_EditorClassIdentifier: 
  m_TrackedObjectOffset: {x: 0, y: 0, z: 0}
  m_LookaheadTime: 0
  m_LookaheadSmoothing: 0
  m_LookaheadIgnoreY: 0
  m_HorizontalDamping: 0
  m_VerticalDamping: 0
  m_ScreenX: 0.5
  m_ScreenY: 0.5
  m_DeadZoneWidth: 0
  m_DeadZoneHeight: 0
  m_SoftZoneWidth: 0.8
  m_SoftZoneHeight: 0.8
  m_BiasX: 0
  m_BiasY: 0
  m_CenterOnActivate: 1
--- !u!1 &8870411998590158410
GameObject:
  m_ObjectHideFlags: 3
  m_CorrespondingSourceObject: {fileID: 0}
  m_PrefabInstance: {fileID: 0}
  m_PrefabAsset: {fileID: 0}
  serializedVersion: 6
  m_Component:
  - component: {fileID: 2013761956269028630}
  - component: {fileID: 6550648535572279075}
  m_Layer: 6
  m_Name: TopRig
  m_TagString: Untagged
  m_Icon: {fileID: 0}
  m_NavMeshLayer: 0
  m_StaticEditorFlags: 0
  m_IsActive: 1
--- !u!4 &2013761956269028630
Transform:
  m_ObjectHideFlags: 3
  m_CorrespondingSourceObject: {fileID: 0}
  m_PrefabInstance: {fileID: 0}
  m_PrefabAsset: {fileID: 0}
  m_GameObject: {fileID: 8870411998590158410}
  m_LocalRotation: {x: -0.24611515, y: -0.001708064, z: 0.0008168486, w: -0.9692388}
  m_LocalPosition: {x: 0, y: 0, z: 0}
  m_LocalScale: {x: 1, y: 1, z: 1}
  m_ConstrainProportionsScale: 0
  m_Children:
  - {fileID: 7364318058906776915}
  m_Father: {fileID: 5280069370744020210}
  m_RootOrder: 1
  m_LocalEulerAnglesHint: {x: 0, y: 0, z: 0}
--- !u!114 &6550648535572279075
MonoBehaviour:
  m_ObjectHideFlags: 3
  m_CorrespondingSourceObject: {fileID: 0}
  m_PrefabInstance: {fileID: 0}
  m_PrefabAsset: {fileID: 0}
  m_GameObject: {fileID: 8870411998590158410}
  m_Enabled: 1
  m_EditorHideFlags: 0
  m_Script: {fileID: 11500000, guid: 45e653bab7fb20e499bda25e1b646fea, type: 3}
  m_Name: 
  m_EditorClassIdentifier: 
  m_ExcludedPropertiesInInspector:
  - m_Script
  - Header
  - Extensions
  - m_Priority
  - m_Transitions
  - m_Follow
  - m_StandbyUpdate
  - m_Lens
  m_LockStageInInspector: 00000000
  m_StreamingVersion: 20170927
  m_Priority: 10
  m_StandbyUpdate: 2
  m_LookAt: {fileID: 0}
  m_Follow: {fileID: 0}
  m_Lens:
    FieldOfView: 40
    OrthographicSize: 10
    NearClipPlane: 0.1
    FarClipPlane: 5000
    Dutch: 0
    ModeOverride: 0
    LensShift: {x: 0, y: 0}
    GateFit: 2
    m_SensorSize: {x: 1, y: 1}
  m_Transitions:
    m_BlendHint: 0
    m_InheritPosition: 0
    m_OnCameraLive:
      m_PersistentCalls:
        m_Calls: []
  m_LegacyBlendHint: 0
  m_ComponentOwner: {fileID: 7364318058906776915}
--- !u!1001 &2935480392861493682
PrefabInstance:
  m_ObjectHideFlags: 0
  serializedVersion: 2
  m_Modification:
    m_TransformParent: {fileID: 3556925100154792497}
    m_Modifications:
    - target: {fileID: -8679921383154817045, guid: 838df9649a21e6a4783aaf7e9d8e899c, type: 3}
      propertyPath: m_RootOrder
      value: 2
      objectReference: {fileID: 0}
    - target: {fileID: -8679921383154817045, guid: 838df9649a21e6a4783aaf7e9d8e899c, type: 3}
      propertyPath: m_LocalScale.x
      value: 0.06999998
      objectReference: {fileID: 0}
    - target: {fileID: -8679921383154817045, guid: 838df9649a21e6a4783aaf7e9d8e899c, type: 3}
      propertyPath: m_LocalScale.y
      value: 0.06999998
      objectReference: {fileID: 0}
    - target: {fileID: -8679921383154817045, guid: 838df9649a21e6a4783aaf7e9d8e899c, type: 3}
      propertyPath: m_LocalScale.z
      value: 0.06999998
      objectReference: {fileID: 0}
    - target: {fileID: -8679921383154817045, guid: 838df9649a21e6a4783aaf7e9d8e899c, type: 3}
      propertyPath: m_LocalPosition.x
      value: 0.28300446
      objectReference: {fileID: 0}
    - target: {fileID: -8679921383154817045, guid: 838df9649a21e6a4783aaf7e9d8e899c, type: 3}
      propertyPath: m_LocalPosition.y
      value: 0.3570162
      objectReference: {fileID: 0}
    - target: {fileID: -8679921383154817045, guid: 838df9649a21e6a4783aaf7e9d8e899c, type: 3}
      propertyPath: m_LocalPosition.z
      value: 0.060999144
      objectReference: {fileID: 0}
    - target: {fileID: -8679921383154817045, guid: 838df9649a21e6a4783aaf7e9d8e899c, type: 3}
      propertyPath: m_LocalRotation.w
      value: -0.48603874
      objectReference: {fileID: 0}
    - target: {fileID: -8679921383154817045, guid: 838df9649a21e6a4783aaf7e9d8e899c, type: 3}
      propertyPath: m_LocalRotation.x
      value: 0.51565015
      objectReference: {fileID: 0}
    - target: {fileID: -8679921383154817045, guid: 838df9649a21e6a4783aaf7e9d8e899c, type: 3}
      propertyPath: m_LocalRotation.y
      value: -0.47951424
      objectReference: {fileID: 0}
    - target: {fileID: -8679921383154817045, guid: 838df9649a21e6a4783aaf7e9d8e899c, type: 3}
      propertyPath: m_LocalRotation.z
      value: -0.5176267
      objectReference: {fileID: 0}
    - target: {fileID: -8679921383154817045, guid: 838df9649a21e6a4783aaf7e9d8e899c, type: 3}
      propertyPath: m_LocalEulerAnglesHint.x
      value: -86.088
      objectReference: {fileID: 0}
    - target: {fileID: -8679921383154817045, guid: 838df9649a21e6a4783aaf7e9d8e899c, type: 3}
      propertyPath: m_LocalEulerAnglesHint.y
      value: -82.976
      objectReference: {fileID: 0}
    - target: {fileID: -8679921383154817045, guid: 838df9649a21e6a4783aaf7e9d8e899c, type: 3}
      propertyPath: m_LocalEulerAnglesHint.z
      value: 172.715
      objectReference: {fileID: 0}
    - target: {fileID: -7919536680595674554, guid: 838df9649a21e6a4783aaf7e9d8e899c, type: 3}
      propertyPath: m_Layer
      value: 6
      objectReference: {fileID: 0}
    - target: {fileID: -7635343244176704799, guid: 838df9649a21e6a4783aaf7e9d8e899c, type: 3}
      propertyPath: m_Layer
      value: 6
      objectReference: {fileID: 0}
    - target: {fileID: -5404415248999255190, guid: 838df9649a21e6a4783aaf7e9d8e899c, type: 3}
      propertyPath: m_Layer
      value: 6
      objectReference: {fileID: 0}
    - target: {fileID: -4258411891960909470, guid: 838df9649a21e6a4783aaf7e9d8e899c, type: 3}
      propertyPath: m_Layer
      value: 6
      objectReference: {fileID: 0}
    - target: {fileID: -4010881036162677873, guid: 838df9649a21e6a4783aaf7e9d8e899c, type: 3}
      propertyPath: m_Layer
      value: 6
      objectReference: {fileID: 0}
    - target: {fileID: -468261653767125849, guid: 838df9649a21e6a4783aaf7e9d8e899c, type: 3}
      propertyPath: m_Layer
      value: 6
      objectReference: {fileID: 0}
    - target: {fileID: 919132149155446097, guid: 838df9649a21e6a4783aaf7e9d8e899c, type: 3}
      propertyPath: m_Name
      value: armaFusell
      objectReference: {fileID: 0}
    - target: {fileID: 919132149155446097, guid: 838df9649a21e6a4783aaf7e9d8e899c, type: 3}
      propertyPath: m_Layer
      value: 6
      objectReference: {fileID: 0}
    - target: {fileID: 919132149155446097, guid: 838df9649a21e6a4783aaf7e9d8e899c, type: 3}
      propertyPath: m_IsActive
      value: 1
      objectReference: {fileID: 0}
    - target: {fileID: 3489497601361014436, guid: 838df9649a21e6a4783aaf7e9d8e899c, type: 3}
      propertyPath: m_Layer
      value: 6
      objectReference: {fileID: 0}
    - target: {fileID: 4885172643134764218, guid: 838df9649a21e6a4783aaf7e9d8e899c, type: 3}
      propertyPath: m_Layer
      value: 6
      objectReference: {fileID: 0}
    - target: {fileID: 6500953154034774330, guid: 838df9649a21e6a4783aaf7e9d8e899c, type: 3}
      propertyPath: m_Layer
      value: 6
      objectReference: {fileID: 0}
    - target: {fileID: 6905609870639353253, guid: 838df9649a21e6a4783aaf7e9d8e899c, type: 3}
      propertyPath: m_Layer
      value: 6
      objectReference: {fileID: 0}
    - target: {fileID: 6927905862104543011, guid: 838df9649a21e6a4783aaf7e9d8e899c, type: 3}
      propertyPath: m_Layer
      value: 6
      objectReference: {fileID: 0}
    - target: {fileID: 7036213049465896255, guid: 838df9649a21e6a4783aaf7e9d8e899c, type: 3}
      propertyPath: m_Layer
      value: 6
      objectReference: {fileID: 0}
    - target: {fileID: 7179158139332175658, guid: 838df9649a21e6a4783aaf7e9d8e899c, type: 3}
      propertyPath: m_Layer
      value: 6
      objectReference: {fileID: 0}
    - target: {fileID: 8232536009477512037, guid: 838df9649a21e6a4783aaf7e9d8e899c, type: 3}
      propertyPath: m_Layer
      value: 6
      objectReference: {fileID: 0}
    - target: {fileID: 8719771546195959716, guid: 838df9649a21e6a4783aaf7e9d8e899c, type: 3}
      propertyPath: m_Layer
      value: 6
      objectReference: {fileID: 0}
    - target: {fileID: 8821623529969584324, guid: 838df9649a21e6a4783aaf7e9d8e899c, type: 3}
      propertyPath: m_Layer
      value: 6
      objectReference: {fileID: 0}
    m_RemovedComponents: []
  m_SourcePrefab: {fileID: 100100000, guid: 838df9649a21e6a4783aaf7e9d8e899c, type: 3}
--- !u!4 &3401997416530923097 stripped
Transform:
  m_CorrespondingSourceObject: {fileID: -8679921383154817045, guid: 838df9649a21e6a4783aaf7e9d8e899c, type: 3}
  m_PrefabInstance: {fileID: 2935480392861493682}
  m_PrefabAsset: {fileID: 0}
--- !u!1001 &3579775442980527171
PrefabInstance:
  m_ObjectHideFlags: 0
  serializedVersion: 2
  m_Modification:
    m_TransformParent: {fileID: 5833076122799137052}
    m_Modifications:
    - target: {fileID: 8297120012760995866, guid: 23f97c47f16ef8540b59a0dd4074bc69, type: 3}
      propertyPath: m_RootOrder
      value: 6
      objectReference: {fileID: 0}
    - target: {fileID: 8297120012760995866, guid: 23f97c47f16ef8540b59a0dd4074bc69, type: 3}
      propertyPath: m_LocalScale.x
      value: 0.002
      objectReference: {fileID: 0}
    - target: {fileID: 8297120012760995866, guid: 23f97c47f16ef8540b59a0dd4074bc69, type: 3}
      propertyPath: m_LocalScale.y
      value: 0.002
      objectReference: {fileID: 0}
    - target: {fileID: 8297120012760995866, guid: 23f97c47f16ef8540b59a0dd4074bc69, type: 3}
      propertyPath: m_LocalScale.z
      value: 0.002
      objectReference: {fileID: 0}
    - target: {fileID: 8297120012760995866, guid: 23f97c47f16ef8540b59a0dd4074bc69, type: 3}
      propertyPath: m_LocalPosition.x
      value: -0.0652
      objectReference: {fileID: 0}
    - target: {fileID: 8297120012760995866, guid: 23f97c47f16ef8540b59a0dd4074bc69, type: 3}
      propertyPath: m_LocalPosition.y
      value: 0.85
      objectReference: {fileID: 0}
    - target: {fileID: 8297120012760995866, guid: 23f97c47f16ef8540b59a0dd4074bc69, type: 3}
      propertyPath: m_LocalPosition.z
      value: 0.0389
      objectReference: {fileID: 0}
    - target: {fileID: 8297120012760995866, guid: 23f97c47f16ef8540b59a0dd4074bc69, type: 3}
      propertyPath: m_LocalRotation.w
      value: 0.023826309
      objectReference: {fileID: 0}
    - target: {fileID: 8297120012760995866, guid: 23f97c47f16ef8540b59a0dd4074bc69, type: 3}
      propertyPath: m_LocalRotation.x
      value: 0.7063849
      objectReference: {fileID: 0}
    - target: {fileID: 8297120012760995866, guid: 23f97c47f16ef8540b59a0dd4074bc69, type: 3}
      propertyPath: m_LocalRotation.y
      value: 0.032233432
      objectReference: {fileID: 0}
    - target: {fileID: 8297120012760995866, guid: 23f97c47f16ef8540b59a0dd4074bc69, type: 3}
      propertyPath: m_LocalRotation.z
      value: -0.70669216
      objectReference: {fileID: 0}
    - target: {fileID: 8297120012760995866, guid: 23f97c47f16ef8540b59a0dd4074bc69, type: 3}
      propertyPath: m_LocalEulerAnglesHint.x
      value: 175.456
      objectReference: {fileID: 0}
    - target: {fileID: 8297120012760995866, guid: 23f97c47f16ef8540b59a0dd4074bc69, type: 3}
      propertyPath: m_LocalEulerAnglesHint.y
      value: 89.998
      objectReference: {fileID: 0}
    - target: {fileID: 8297120012760995866, guid: 23f97c47f16ef8540b59a0dd4074bc69, type: 3}
      propertyPath: m_LocalEulerAnglesHint.z
      value: -0.68200684
      objectReference: {fileID: 0}
    - target: {fileID: 8678042983781040800, guid: 23f97c47f16ef8540b59a0dd4074bc69, type: 3}
      propertyPath: m_Name
      value: key
      objectReference: {fileID: 0}
    m_RemovedComponents: []
  m_SourcePrefab: {fileID: 100100000, guid: 23f97c47f16ef8540b59a0dd4074bc69, type: 3}
--- !u!1001 &3964441226381714263
PrefabInstance:
  m_ObjectHideFlags: 0
  serializedVersion: 2
  m_Modification:
    m_TransformParent: {fileID: 3556925100154792497}
    m_Modifications:
    - target: {fileID: 1255872120027792533, guid: 5bb79a343dd1e58488483080aae46323, type: 3}
      propertyPath: m_Name
      value: AR15
      objectReference: {fileID: 0}
    - target: {fileID: 1255872120027792533, guid: 5bb79a343dd1e58488483080aae46323, type: 3}
      propertyPath: m_IsActive
      value: 0
      objectReference: {fileID: 0}
    - target: {fileID: 1884212901299002927, guid: 5bb79a343dd1e58488483080aae46323, type: 3}
      propertyPath: m_RootOrder
      value: 1
      objectReference: {fileID: 0}
    - target: {fileID: 1884212901299002927, guid: 5bb79a343dd1e58488483080aae46323, type: 3}
      propertyPath: m_LocalScale.x
      value: 10
      objectReference: {fileID: 0}
    - target: {fileID: 1884212901299002927, guid: 5bb79a343dd1e58488483080aae46323, type: 3}
      propertyPath: m_LocalScale.y
      value: 10
      objectReference: {fileID: 0}
    - target: {fileID: 1884212901299002927, guid: 5bb79a343dd1e58488483080aae46323, type: 3}
      propertyPath: m_LocalScale.z
      value: 10
      objectReference: {fileID: 0}
    - target: {fileID: 1884212901299002927, guid: 5bb79a343dd1e58488483080aae46323, type: 3}
      propertyPath: m_LocalPosition.x
      value: -0.111
      objectReference: {fileID: 0}
    - target: {fileID: 1884212901299002927, guid: 5bb79a343dd1e58488483080aae46323, type: 3}
      propertyPath: m_LocalPosition.y
      value: 0.141
      objectReference: {fileID: 0}
    - target: {fileID: 1884212901299002927, guid: 5bb79a343dd1e58488483080aae46323, type: 3}
      propertyPath: m_LocalPosition.z
      value: 0.054
      objectReference: {fileID: 0}
    - target: {fileID: 1884212901299002927, guid: 5bb79a343dd1e58488483080aae46323, type: 3}
      propertyPath: m_LocalRotation.w
      value: 0.50086987
      objectReference: {fileID: 0}
    - target: {fileID: 1884212901299002927, guid: 5bb79a343dd1e58488483080aae46323, type: 3}
      propertyPath: m_LocalRotation.x
      value: 0.5061301
      objectReference: {fileID: 0}
    - target: {fileID: 1884212901299002927, guid: 5bb79a343dd1e58488483080aae46323, type: 3}
      propertyPath: m_LocalRotation.y
      value: -0.49379373
      objectReference: {fileID: 0}
    - target: {fileID: 1884212901299002927, guid: 5bb79a343dd1e58488483080aae46323, type: 3}
      propertyPath: m_LocalRotation.z
      value: -0.49912867
      objectReference: {fileID: 0}
    - target: {fileID: 1884212901299002927, guid: 5bb79a343dd1e58488483080aae46323, type: 3}
      propertyPath: m_LocalEulerAnglesHint.x
      value: 0.807
      objectReference: {fileID: 0}
    - target: {fileID: 1884212901299002927, guid: 5bb79a343dd1e58488483080aae46323, type: 3}
      propertyPath: m_LocalEulerAnglesHint.y
      value: -90
      objectReference: {fileID: 0}
    - target: {fileID: 1884212901299002927, guid: 5bb79a343dd1e58488483080aae46323, type: 3}
      propertyPath: m_LocalEulerAnglesHint.z
      value: -90.607
      objectReference: {fileID: 0}
    - target: {fileID: 1884212901299002927, guid: 5bb79a343dd1e58488483080aae46323, type: 3}
      propertyPath: m_ConstrainProportionsScale
      value: 1
      objectReference: {fileID: 0}
    m_RemovedComponents: []
  m_SourcePrefab: {fileID: 100100000, guid: 5bb79a343dd1e58488483080aae46323, type: 3}
--- !u!4 &3252328924545809784 stripped
Transform:
  m_CorrespondingSourceObject: {fileID: 1884212901299002927, guid: 5bb79a343dd1e58488483080aae46323, type: 3}
  m_PrefabInstance: {fileID: 3964441226381714263}
  m_PrefabAsset: {fileID: 0}
--- !u!1001 &5280069372045074132
PrefabInstance:
  m_ObjectHideFlags: 0
  serializedVersion: 2
  m_Modification:
    m_TransformParent: {fileID: 5280069371556286286}
    m_Modifications:
    - target: {fileID: -9070493210130169274, guid: a5f6d49c488c6664ead7c8a4b2a9abc7, type: 3}
      propertyPath: m_Layer
      value: 6
      objectReference: {fileID: 0}
    - target: {fileID: -8848619517273184814, guid: a5f6d49c488c6664ead7c8a4b2a9abc7, type: 3}
      propertyPath: m_Materials.Array.data[0]
      value: 
      objectReference: {fileID: 2100000, guid: dc9cde0b9bab5db4280d8687f6f9da72, type: 2}
    - target: {fileID: -8679921383154817045, guid: a5f6d49c488c6664ead7c8a4b2a9abc7, type: 3}
      propertyPath: m_RootOrder
      value: 0
      objectReference: {fileID: 0}
    - target: {fileID: -8679921383154817045, guid: a5f6d49c488c6664ead7c8a4b2a9abc7, type: 3}
      propertyPath: m_LocalPosition.x
      value: -0.014533997
      objectReference: {fileID: 0}
    - target: {fileID: -8679921383154817045, guid: a5f6d49c488c6664ead7c8a4b2a9abc7, type: 3}
      propertyPath: m_LocalPosition.y
      value: -1.039999
      objectReference: {fileID: 0}
    - target: {fileID: -8679921383154817045, guid: a5f6d49c488c6664ead7c8a4b2a9abc7, type: 3}
      propertyPath: m_LocalPosition.z
      value: -0.0049743652
      objectReference: {fileID: 0}
    - target: {fileID: -8679921383154817045, guid: a5f6d49c488c6664ead7c8a4b2a9abc7, type: 3}
      propertyPath: m_LocalRotation.w
      value: 1
      objectReference: {fileID: 0}
    - target: {fileID: -8679921383154817045, guid: a5f6d49c488c6664ead7c8a4b2a9abc7, type: 3}
      propertyPath: m_LocalRotation.x
      value: -0
      objectReference: {fileID: 0}
    - target: {fileID: -8679921383154817045, guid: a5f6d49c488c6664ead7c8a4b2a9abc7, type: 3}
      propertyPath: m_LocalRotation.y
      value: -0
      objectReference: {fileID: 0}
    - target: {fileID: -8679921383154817045, guid: a5f6d49c488c6664ead7c8a4b2a9abc7, type: 3}
      propertyPath: m_LocalRotation.z
      value: -0
      objectReference: {fileID: 0}
    - target: {fileID: -8679921383154817045, guid: a5f6d49c488c6664ead7c8a4b2a9abc7, type: 3}
      propertyPath: m_LocalEulerAnglesHint.x
      value: 0
      objectReference: {fileID: 0}
    - target: {fileID: -8679921383154817045, guid: a5f6d49c488c6664ead7c8a4b2a9abc7, type: 3}
      propertyPath: m_LocalEulerAnglesHint.y
      value: 0
      objectReference: {fileID: 0}
    - target: {fileID: -8679921383154817045, guid: a5f6d49c488c6664ead7c8a4b2a9abc7, type: 3}
      propertyPath: m_LocalEulerAnglesHint.z
      value: 0
      objectReference: {fileID: 0}
    - target: {fileID: -8183481454299698827, guid: a5f6d49c488c6664ead7c8a4b2a9abc7, type: 3}
      propertyPath: m_Layer
      value: 6
      objectReference: {fileID: 0}
    - target: {fileID: -8006009767450596044, guid: a5f6d49c488c6664ead7c8a4b2a9abc7, type: 3}
      propertyPath: m_Layer
      value: 6
      objectReference: {fileID: 0}
    - target: {fileID: -7657966619581158213, guid: a5f6d49c488c6664ead7c8a4b2a9abc7, type: 3}
      propertyPath: m_Layer
      value: 6
      objectReference: {fileID: 0}
    - target: {fileID: -7360747449169001873, guid: a5f6d49c488c6664ead7c8a4b2a9abc7, type: 3}
      propertyPath: m_Layer
      value: 6
      objectReference: {fileID: 0}
    - target: {fileID: -7121769801107515815, guid: a5f6d49c488c6664ead7c8a4b2a9abc7, type: 3}
      propertyPath: m_Layer
      value: 6
      objectReference: {fileID: 0}
    - target: {fileID: -6946452834586548108, guid: a5f6d49c488c6664ead7c8a4b2a9abc7, type: 3}
      propertyPath: m_Layer
      value: 6
      objectReference: {fileID: 0}
    - target: {fileID: -6621945745981909287, guid: a5f6d49c488c6664ead7c8a4b2a9abc7, type: 3}
      propertyPath: m_Layer
      value: 6
      objectReference: {fileID: 0}
    - target: {fileID: -6561962825787332330, guid: a5f6d49c488c6664ead7c8a4b2a9abc7, type: 3}
      propertyPath: m_Layer
      value: 6
      objectReference: {fileID: 0}
    - target: {fileID: -6370085079684087283, guid: a5f6d49c488c6664ead7c8a4b2a9abc7, type: 3}
      propertyPath: m_Layer
      value: 6
      objectReference: {fileID: 0}
    - target: {fileID: -6234591296559379751, guid: a5f6d49c488c6664ead7c8a4b2a9abc7, type: 3}
      propertyPath: m_Layer
      value: 6
      objectReference: {fileID: 0}
    - target: {fileID: -6170625038081293824, guid: a5f6d49c488c6664ead7c8a4b2a9abc7, type: 3}
      propertyPath: m_Layer
      value: 6
      objectReference: {fileID: 0}
    - target: {fileID: -6056541330796499132, guid: a5f6d49c488c6664ead7c8a4b2a9abc7, type: 3}
      propertyPath: m_Layer
      value: 6
      objectReference: {fileID: 0}
    - target: {fileID: -5857696854640597626, guid: a5f6d49c488c6664ead7c8a4b2a9abc7, type: 3}
      propertyPath: m_Layer
      value: 6
      objectReference: {fileID: 0}
    - target: {fileID: -5561550452697079657, guid: a5f6d49c488c6664ead7c8a4b2a9abc7, type: 3}
      propertyPath: m_Layer
      value: 6
      objectReference: {fileID: 0}
    - target: {fileID: -5195048882033904264, guid: a5f6d49c488c6664ead7c8a4b2a9abc7, type: 3}
      propertyPath: m_Layer
      value: 6
      objectReference: {fileID: 0}
    - target: {fileID: -4999088201633142198, guid: a5f6d49c488c6664ead7c8a4b2a9abc7, type: 3}
      propertyPath: m_Layer
      value: 6
      objectReference: {fileID: 0}
    - target: {fileID: -4728426434207774260, guid: a5f6d49c488c6664ead7c8a4b2a9abc7, type: 3}
      propertyPath: m_Layer
      value: 6
      objectReference: {fileID: 0}
    - target: {fileID: -4501530691011011137, guid: a5f6d49c488c6664ead7c8a4b2a9abc7, type: 3}
      propertyPath: m_Layer
      value: 6
      objectReference: {fileID: 0}
    - target: {fileID: -4332706925441422008, guid: a5f6d49c488c6664ead7c8a4b2a9abc7, type: 3}
      propertyPath: m_Layer
      value: 6
      objectReference: {fileID: 0}
    - target: {fileID: -4278032810995721380, guid: a5f6d49c488c6664ead7c8a4b2a9abc7, type: 3}
      propertyPath: m_Layer
      value: 6
      objectReference: {fileID: 0}
    - target: {fileID: -3799395697873186154, guid: a5f6d49c488c6664ead7c8a4b2a9abc7, type: 3}
      propertyPath: m_Layer
      value: 6
      objectReference: {fileID: 0}
    - target: {fileID: -3542885339558904099, guid: a5f6d49c488c6664ead7c8a4b2a9abc7, type: 3}
      propertyPath: m_Layer
      value: 6
      objectReference: {fileID: 0}
    - target: {fileID: -3478013746326755454, guid: a5f6d49c488c6664ead7c8a4b2a9abc7, type: 3}
      propertyPath: m_Layer
      value: 6
      objectReference: {fileID: 0}
    - target: {fileID: -3214267034143217929, guid: a5f6d49c488c6664ead7c8a4b2a9abc7, type: 3}
      propertyPath: m_Layer
      value: 6
      objectReference: {fileID: 0}
    - target: {fileID: -3147794448285578660, guid: a5f6d49c488c6664ead7c8a4b2a9abc7, type: 3}
      propertyPath: m_Materials.Array.data[0]
      value: 
      objectReference: {fileID: 2100000, guid: dc9cde0b9bab5db4280d8687f6f9da72, type: 2}
    - target: {fileID: -3086436065929644917, guid: a5f6d49c488c6664ead7c8a4b2a9abc7, type: 3}
      propertyPath: m_Layer
      value: 6
      objectReference: {fileID: 0}
    - target: {fileID: -2084811680363313996, guid: a5f6d49c488c6664ead7c8a4b2a9abc7, type: 3}
      propertyPath: m_Layer
      value: 6
      objectReference: {fileID: 0}
    - target: {fileID: -1781356600409242780, guid: a5f6d49c488c6664ead7c8a4b2a9abc7, type: 3}
      propertyPath: m_Layer
      value: 6
      objectReference: {fileID: 0}
    - target: {fileID: -1703473491307067327, guid: a5f6d49c488c6664ead7c8a4b2a9abc7, type: 3}
      propertyPath: m_Layer
      value: 6
      objectReference: {fileID: 0}
    - target: {fileID: -1425791611860619382, guid: a5f6d49c488c6664ead7c8a4b2a9abc7, type: 3}
      propertyPath: m_Layer
      value: 6
      objectReference: {fileID: 0}
    - target: {fileID: -1268151995469589007, guid: a5f6d49c488c6664ead7c8a4b2a9abc7, type: 3}
      propertyPath: m_Layer
      value: 6
      objectReference: {fileID: 0}
    - target: {fileID: -1200856079203341021, guid: a5f6d49c488c6664ead7c8a4b2a9abc7, type: 3}
      propertyPath: m_Layer
      value: 6
      objectReference: {fileID: 0}
    - target: {fileID: -751476226918971245, guid: a5f6d49c488c6664ead7c8a4b2a9abc7, type: 3}
      propertyPath: m_Layer
      value: 6
      objectReference: {fileID: 0}
    - target: {fileID: -552831747908440785, guid: a5f6d49c488c6664ead7c8a4b2a9abc7, type: 3}
      propertyPath: m_Layer
      value: 6
      objectReference: {fileID: 0}
    - target: {fileID: -290750445479886849, guid: a5f6d49c488c6664ead7c8a4b2a9abc7, type: 3}
      propertyPath: m_Layer
      value: 6
      objectReference: {fileID: 0}
    - target: {fileID: -203856693384778745, guid: a5f6d49c488c6664ead7c8a4b2a9abc7, type: 3}
      propertyPath: m_Layer
      value: 6
      objectReference: {fileID: 0}
    - target: {fileID: -76546954072915012, guid: a5f6d49c488c6664ead7c8a4b2a9abc7, type: 3}
      propertyPath: m_Layer
      value: 6
      objectReference: {fileID: 0}
    - target: {fileID: 9171100556185337, guid: a5f6d49c488c6664ead7c8a4b2a9abc7, type: 3}
      propertyPath: m_Layer
      value: 6
      objectReference: {fileID: 0}
    - target: {fileID: 414117464747255840, guid: a5f6d49c488c6664ead7c8a4b2a9abc7, type: 3}
      propertyPath: m_Layer
      value: 6
      objectReference: {fileID: 0}
    - target: {fileID: 919132149155446097, guid: a5f6d49c488c6664ead7c8a4b2a9abc7, type: 3}
      propertyPath: m_Name
      value: chamberTPoseAnim
      objectReference: {fileID: 0}
    - target: {fileID: 919132149155446097, guid: a5f6d49c488c6664ead7c8a4b2a9abc7, type: 3}
      propertyPath: m_Layer
      value: 6
      objectReference: {fileID: 0}
    - target: {fileID: 919132149155446097, guid: a5f6d49c488c6664ead7c8a4b2a9abc7, type: 3}
      propertyPath: m_TagString
      value: Player
      objectReference: {fileID: 0}
    - target: {fileID: 1082271958561512970, guid: a5f6d49c488c6664ead7c8a4b2a9abc7, type: 3}
      propertyPath: m_Layer
      value: 6
      objectReference: {fileID: 0}
    - target: {fileID: 1092408308860062549, guid: a5f6d49c488c6664ead7c8a4b2a9abc7, type: 3}
      propertyPath: m_LocalRotation.x
      value: -0.00000038309565
      objectReference: {fileID: 0}
    - target: {fileID: 1092408308860062549, guid: a5f6d49c488c6664ead7c8a4b2a9abc7, type: 3}
      propertyPath: m_LocalRotation.z
      value: -0.0002945326
      objectReference: {fileID: 0}
    - target: {fileID: 1339101018200438765, guid: a5f6d49c488c6664ead7c8a4b2a9abc7, type: 3}
      propertyPath: m_Layer
      value: 6
      objectReference: {fileID: 0}
    - target: {fileID: 1706517430213693161, guid: a5f6d49c488c6664ead7c8a4b2a9abc7, type: 3}
      propertyPath: m_Layer
      value: 6
      objectReference: {fileID: 0}
    - target: {fileID: 1711505207429034123, guid: a5f6d49c488c6664ead7c8a4b2a9abc7, type: 3}
      propertyPath: m_Layer
      value: 6
      objectReference: {fileID: 0}
    - target: {fileID: 1817223356562183640, guid: a5f6d49c488c6664ead7c8a4b2a9abc7, type: 3}
      propertyPath: m_LocalPosition.y
      value: 0.14
      objectReference: {fileID: 0}
    - target: {fileID: 1817223356562183640, guid: a5f6d49c488c6664ead7c8a4b2a9abc7, type: 3}
      propertyPath: m_LocalPosition.z
      value: -0.499
      objectReference: {fileID: 0}
    - target: {fileID: 2158975759703390516, guid: a5f6d49c488c6664ead7c8a4b2a9abc7, type: 3}
      propertyPath: m_Layer
      value: 6
      objectReference: {fileID: 0}
    - target: {fileID: 2243156598665492385, guid: a5f6d49c488c6664ead7c8a4b2a9abc7, type: 3}
      propertyPath: m_Layer
      value: 6
      objectReference: {fileID: 0}
    - target: {fileID: 2429880754846899477, guid: a5f6d49c488c6664ead7c8a4b2a9abc7, type: 3}
      propertyPath: m_Materials.Array.data[0]
      value: 
      objectReference: {fileID: 2100000, guid: dc9cde0b9bab5db4280d8687f6f9da72, type: 2}
    - target: {fileID: 2586065998465600510, guid: a5f6d49c488c6664ead7c8a4b2a9abc7, type: 3}
      propertyPath: m_Layer
      value: 6
      objectReference: {fileID: 0}
    - target: {fileID: 2715566404302941441, guid: a5f6d49c488c6664ead7c8a4b2a9abc7, type: 3}
      propertyPath: m_Layer
      value: 6
      objectReference: {fileID: 0}
    - target: {fileID: 2898355158428612036, guid: a5f6d49c488c6664ead7c8a4b2a9abc7, type: 3}
      propertyPath: m_Layer
      value: 6
      objectReference: {fileID: 0}
    - target: {fileID: 3015375989234949221, guid: a5f6d49c488c6664ead7c8a4b2a9abc7, type: 3}
      propertyPath: m_Layer
      value: 6
      objectReference: {fileID: 0}
    - target: {fileID: 3047284246813455858, guid: a5f6d49c488c6664ead7c8a4b2a9abc7, type: 3}
      propertyPath: m_Layer
      value: 6
      objectReference: {fileID: 0}
    - target: {fileID: 3135921509060577837, guid: a5f6d49c488c6664ead7c8a4b2a9abc7, type: 3}
      propertyPath: m_Layer
      value: 6
      objectReference: {fileID: 0}
    - target: {fileID: 3588849560313704984, guid: a5f6d49c488c6664ead7c8a4b2a9abc7, type: 3}
      propertyPath: m_Layer
      value: 6
      objectReference: {fileID: 0}
    - target: {fileID: 3614653200513675785, guid: a5f6d49c488c6664ead7c8a4b2a9abc7, type: 3}
      propertyPath: m_Layer
      value: 6
      objectReference: {fileID: 0}
    - target: {fileID: 3882815353823017779, guid: a5f6d49c488c6664ead7c8a4b2a9abc7, type: 3}
      propertyPath: m_Layer
      value: 6
      objectReference: {fileID: 0}
    - target: {fileID: 3948933247560734027, guid: a5f6d49c488c6664ead7c8a4b2a9abc7, type: 3}
      propertyPath: m_Layer
      value: 6
      objectReference: {fileID: 0}
    - target: {fileID: 3974016661214395164, guid: a5f6d49c488c6664ead7c8a4b2a9abc7, type: 3}
      propertyPath: m_Layer
      value: 6
      objectReference: {fileID: 0}
    - target: {fileID: 3982696828475586270, guid: a5f6d49c488c6664ead7c8a4b2a9abc7, type: 3}
      propertyPath: m_Materials.Array.data[0]
      value: 
      objectReference: {fileID: 2100000, guid: 0780d79aee228fa4e894647f284e2e8b, type: 2}
    - target: {fileID: 4114030615378554161, guid: a5f6d49c488c6664ead7c8a4b2a9abc7, type: 3}
      propertyPath: m_Layer
      value: 6
      objectReference: {fileID: 0}
    - target: {fileID: 4237274458221626025, guid: a5f6d49c488c6664ead7c8a4b2a9abc7, type: 3}
      propertyPath: m_Layer
      value: 6
      objectReference: {fileID: 0}
    - target: {fileID: 4441848305933595309, guid: a5f6d49c488c6664ead7c8a4b2a9abc7, type: 3}
      propertyPath: m_Layer
      value: 6
      objectReference: {fileID: 0}
    - target: {fileID: 4549111882529890269, guid: a5f6d49c488c6664ead7c8a4b2a9abc7, type: 3}
      propertyPath: m_Layer
      value: 6
      objectReference: {fileID: 0}
    - target: {fileID: 4793131243559610551, guid: a5f6d49c488c6664ead7c8a4b2a9abc7, type: 3}
      propertyPath: m_Materials.Array.data[0]
      value: 
      objectReference: {fileID: 2100000, guid: 7106580b8c4921445bff2957ae04d80b, type: 2}
    - target: {fileID: 5120724536234783804, guid: a5f6d49c488c6664ead7c8a4b2a9abc7, type: 3}
      propertyPath: m_Layer
      value: 6
      objectReference: {fileID: 0}
    - target: {fileID: 6240733294840144465, guid: a5f6d49c488c6664ead7c8a4b2a9abc7, type: 3}
      propertyPath: m_Layer
      value: 6
      objectReference: {fileID: 0}
    - target: {fileID: 6514210125699187276, guid: a5f6d49c488c6664ead7c8a4b2a9abc7, type: 3}
      propertyPath: m_Layer
      value: 6
      objectReference: {fileID: 0}
    - target: {fileID: 7363479242261063072, guid: a5f6d49c488c6664ead7c8a4b2a9abc7, type: 3}
      propertyPath: m_Layer
      value: 6
      objectReference: {fileID: 0}
    - target: {fileID: 7542137907003004905, guid: a5f6d49c488c6664ead7c8a4b2a9abc7, type: 3}
      propertyPath: m_Layer
      value: 6
      objectReference: {fileID: 0}
    - target: {fileID: 7666680083751660616, guid: a5f6d49c488c6664ead7c8a4b2a9abc7, type: 3}
      propertyPath: m_LocalRotation.x
      value: 0.000016307597
      objectReference: {fileID: 0}
    - target: {fileID: 7666680083751660616, guid: a5f6d49c488c6664ead7c8a4b2a9abc7, type: 3}
      propertyPath: m_LocalRotation.z
      value: 0.036666207
      objectReference: {fileID: 0}
    - target: {fileID: 7732535366517880319, guid: a5f6d49c488c6664ead7c8a4b2a9abc7, type: 3}
      propertyPath: m_Layer
      value: 6
      objectReference: {fileID: 0}
    - target: {fileID: 7776229726456038893, guid: a5f6d49c488c6664ead7c8a4b2a9abc7, type: 3}
      propertyPath: m_Layer
      value: 6
      objectReference: {fileID: 0}
    - target: {fileID: 8817898888258712963, guid: a5f6d49c488c6664ead7c8a4b2a9abc7, type: 3}
      propertyPath: m_Layer
      value: 6
      objectReference: {fileID: 0}
    - target: {fileID: 8953972740105248388, guid: a5f6d49c488c6664ead7c8a4b2a9abc7, type: 3}
      propertyPath: m_Layer
      value: 6
      objectReference: {fileID: 0}
    - target: {fileID: 9037727976738196030, guid: a5f6d49c488c6664ead7c8a4b2a9abc7, type: 3}
      propertyPath: m_Layer
      value: 6
      objectReference: {fileID: 0}
    m_RemovedComponents: []
  m_SourcePrefab: {fileID: 100100000, guid: a5f6d49c488c6664ead7c8a4b2a9abc7, type: 3}
--- !u!1 &5010248879755993989 stripped
GameObject:
  m_CorrespondingSourceObject: {fileID: 919132149155446097, guid: a5f6d49c488c6664ead7c8a4b2a9abc7, type: 3}
  m_PrefabInstance: {fileID: 5280069372045074132}
  m_PrefabAsset: {fileID: 0}
--- !u!95 &5280069370738108827
Animator:
  serializedVersion: 5
  m_ObjectHideFlags: 0
  m_CorrespondingSourceObject: {fileID: 0}
  m_PrefabInstance: {fileID: 0}
  m_PrefabAsset: {fileID: 0}
  m_GameObject: {fileID: 5010248879755993989}
  m_Enabled: 1
  m_Avatar: {fileID: 0}
  m_Controller: {fileID: 0}
  m_CullingMode: 0
  m_UpdateMode: 0
  m_ApplyRootMotion: 0
  m_LinearVelocityBlending: 0
  m_StabilizeFeet: 0
  m_WarningMessage: 
  m_HasTransformHierarchy: 1
  m_AllowConstantClipSamplingOptimization: 1
  m_KeepAnimatorStateOnDisable: 0
--- !u!4 &5677959835175876927 stripped
Transform:
  m_CorrespondingSourceObject: {fileID: -8679921383154817045, guid: a5f6d49c488c6664ead7c8a4b2a9abc7, type: 3}
  m_PrefabInstance: {fileID: 5280069372045074132}
  m_PrefabAsset: {fileID: 0}
--- !u!4 &5833076122799137052 stripped
Transform:
  m_CorrespondingSourceObject: {fileID: 1852576806548013000, guid: a5f6d49c488c6664ead7c8a4b2a9abc7, type: 3}
  m_PrefabInstance: {fileID: 5280069372045074132}
  m_PrefabAsset: {fileID: 0}
--- !u!1001 &7468999218937762986
PrefabInstance:
  m_ObjectHideFlags: 0
  serializedVersion: 2
  m_Modification:
    m_TransformParent: {fileID: 5833076122799137052}
    m_Modifications:
    - target: {fileID: 7388728699991045619, guid: 443463db2f9a4a445ad8cb96319cb139, type: 3}
      propertyPath: m_RootOrder
      value: 5
      objectReference: {fileID: 0}
    - target: {fileID: 7388728699991045619, guid: 443463db2f9a4a445ad8cb96319cb139, type: 3}
      propertyPath: m_LocalScale.x
      value: 0.016999995
      objectReference: {fileID: 0}
    - target: {fileID: 7388728699991045619, guid: 443463db2f9a4a445ad8cb96319cb139, type: 3}
      propertyPath: m_LocalScale.y
      value: 0.017000003
      objectReference: {fileID: 0}
    - target: {fileID: 7388728699991045619, guid: 443463db2f9a4a445ad8cb96319cb139, type: 3}
      propertyPath: m_LocalScale.z
      value: 0.016999997
      objectReference: {fileID: 0}
    - target: {fileID: 7388728699991045619, guid: 443463db2f9a4a445ad8cb96319cb139, type: 3}
      propertyPath: m_LocalPosition.x
      value: -0.24102435
      objectReference: {fileID: 0}
    - target: {fileID: 7388728699991045619, guid: 443463db2f9a4a445ad8cb96319cb139, type: 3}
      propertyPath: m_LocalPosition.y
      value: 0.15701285
      objectReference: {fileID: 0}
    - target: {fileID: 7388728699991045619, guid: 443463db2f9a4a445ad8cb96319cb139, type: 3}
      propertyPath: m_LocalPosition.z
      value: 0.021999866
      objectReference: {fileID: 0}
    - target: {fileID: 7388728699991045619, guid: 443463db2f9a4a445ad8cb96319cb139, type: 3}
      propertyPath: m_LocalRotation.w
      value: 1
      objectReference: {fileID: 0}
    - target: {fileID: 7388728699991045619, guid: 443463db2f9a4a445ad8cb96319cb139, type: 3}
      propertyPath: m_LocalRotation.x
      value: 0.00000010244546
      objectReference: {fileID: 0}
    - target: {fileID: 7388728699991045619, guid: 443463db2f9a4a445ad8cb96319cb139, type: 3}
      propertyPath: m_LocalRotation.y
      value: -0.000000018626448
      objectReference: {fileID: 0}
    - target: {fileID: 7388728699991045619, guid: 443463db2f9a4a445ad8cb96319cb139, type: 3}
      propertyPath: m_LocalRotation.z
      value: 0.00000010235815
      objectReference: {fileID: 0}
    - target: {fileID: 7388728699991045619, guid: 443463db2f9a4a445ad8cb96319cb139, type: 3}
      propertyPath: m_LocalEulerAnglesHint.x
      value: 0
      objectReference: {fileID: 0}
    - target: {fileID: 7388728699991045619, guid: 443463db2f9a4a445ad8cb96319cb139, type: 3}
      propertyPath: m_LocalEulerAnglesHint.y
      value: 0
      objectReference: {fileID: 0}
    - target: {fileID: 7388728699991045619, guid: 443463db2f9a4a445ad8cb96319cb139, type: 3}
      propertyPath: m_LocalEulerAnglesHint.z
      value: 0
      objectReference: {fileID: 0}
    - target: {fileID: 7908841253469646665, guid: 443463db2f9a4a445ad8cb96319cb139, type: 3}
      propertyPath: m_Name
      value: knife_main
      objectReference: {fileID: 0}
    m_RemovedComponents: []
  m_SourcePrefab: {fileID: 100100000, guid: 443463db2f9a4a445ad8cb96319cb139, type: 3}
--- !u!1 &749548071812594659 stripped
GameObject:
  m_CorrespondingSourceObject: {fileID: 7908841253469646665, guid: 443463db2f9a4a445ad8cb96319cb139, type: 3}
  m_PrefabInstance: {fileID: 7468999218937762986}
  m_PrefabAsset: {fileID: 0}
--- !u!65 &6251982262370767048
BoxCollider:
  m_ObjectHideFlags: 0
  m_CorrespondingSourceObject: {fileID: 0}
  m_PrefabInstance: {fileID: 0}
  m_PrefabAsset: {fileID: 0}
  m_GameObject: {fileID: 749548071812594659}
  m_Material: {fileID: 0}
  m_IsTrigger: 0
  m_Enabled: 1
  serializedVersion: 2
  m_Size: {x: 25.487919, y: 6.19211, z: 1}
  m_Center: {x: -6.3426304, y: -0.46980205, z: 0.0000000023482234}
